 Dungeon Crawl Stone Soup version 0.21-a0-434-g806c6c2 (webtiles) character file.

88 Vno the Conjurer (level 4, -1/34 HPs)
             Began as a Demigod Conjurer on Nov 5, 2017.
             Slain by a worm (2 damage)
             ... on level 3 of the Dungeon on Nov 8, 2017.
             The game lasted 00:26:38 (2886 turns).

Vno the Conjurer (Demigod Conjurer)                 Turns: 2886, Time: 00:26:38

Health: -1/34      AC:  3    Str: 12 (13) XL:     4   Next: 8%
Magic:  10/10      EV: 12    Int: 18 (19) God:
Gold:   58         SH:  0    Dex: 13 (16) Spells: 1/7 levels left

rFire    x . .     SeeInvis .   k - +0 short sword
rCold    + . .     Gourm    .   (no shield)
rNeg     . . .     Faith    .   e - +0 leather armour
rPois    .         Spirit   .   (no helmet)
rElec    .         Reflect  .   (no cloak)
rCorr    .         Harm     .   (no gloves)
MR       .....                  (no boots)
Stlth    ++........             (no amulet)
HPRegen  0.11/turn              i - ring of flight
MPRegen  0.12/turn              m - ring of ice

@: drained
A: high mp 1
a: Evoke Flight


You were on level 3 of the Dungeon.
You were not hungry.

You visited 1 branch of the dungeon, and saw 3 of its levels.

You collected 58 gold pieces.

Inventory:

Hand Weapons
 k - a +0 short sword (weapon)
Missiles
 o - 51 bolts
Armour
 a - a +0 robe
 e - a +0 leather armour (worn)
Jewellery
 i - a ring of flight (left hand)
 m - a ring of ice (right hand)
Scrolls
 d - 3 scrolls of identify {unknown}
 g - a scroll of magic mapping {unknown}
 h - 2 scrolls of immolation {unknown}
 l - a scroll of noise {unknown}
Potions
 f - a potion of magic
 j - a potion of flight {unknown}
 n - a potion of lignification {unknown}
 p - a potion of cancellation {unknown}
Books
 b - a book of Conjurations

   Spells                             Type                      Level
   a - Magic Dart                     Conjuration                  1
   b - Searing Ray                    Conjuration                  2
   c - Dazzling Spray                 Conjuration/Hexes            3
   d - Fulminant Prism                Conjuration/Hexes            4
   e - Force Lance                    Conjuration/Translocation    4
   f - Iskenderun's Mystic Blast      Conjuration                  4
Comestibles
 c - a bread ration
 r - 2 chunks of flesh


   Skills:
 + Level 0.4(0.2) Fighting
 + Level 0.1(0.0) Short Blades
 + Level 0.8(0.6) Armour
 + Level 2.0(1.8) Dodging
 + Level 2.1(1.9) Stealth
 + Level 0.1(0.0) Unarmed Combat
 + Level 2.2(2.0) Spellcasting
 + Level 4.5(4.2) Conjurations


You had one spell level left.
You knew the following spells:

 Your Spells              Type           Power        Failure   Level  Hunger
a - Magic Dart            Conj           ###.         4%          1    #......
b - Searing Ray           Conj           ###...       6%          2    ###....
c - Dazzling Spray        Conj/Hex       #.....       28%         3    ###....


Dungeon Overview and Level Annotations

Branches:
Dungeon (3/15)

Annotations:
D:3 Grinder


Innate Abilities, Weirdness & Mutations

You have an increased reservoir of magic. (+10% MP)


Message History

You kill the bat!
Grinder comes into view.
An adder comes into view.
The bat barely misses you. The worm bites you but does no damage.
The bat barely misses you.
There is an open door here.
You hit the crimson imp but do no damage.
The bat hits you but does no damage.
The crimson imp hits you with a dagger of chaos.
The bat hits you but does no damage.
There are monsters nearby!
You closely miss the crimson imp. The bat hits you.
The crimson imp hits you with a dagger of chaos.
The crimson imp burns you.
* * * LOW HITPOINT WARNING * * *
The worm bites you!
* * * LOW HITPOINT WARNING * * *
Grinder blinks!
The bat barely misses you.
The crimson imp blinks!
The worm bites you.
You die...

#.# .. 5. .## ##### ...#
######.#.###...#.#
#....#^#.#..b....#
#.####...#@.5..>..
######.##.'._ยง'wSo....#
##.......>.#...##....#..
...####.#.##.#.# #...#
#### #..###.#.# #.## #
#...###### ## # ####.# #
### ##


You could see Grinder, a worm, a crimson imp, an adder, an orc and a bat.

Vanquished Creatures
  3 adders (D:2)
  An ooze (D:1)
  A dart slug (D:1)
  8 bats
  3 giant cockroaches (D:1)
  3 hobgoblins
  8 jackals
  A quokka (D:2)
  2 ball pythons (D:2)
  6 frilled lizards
  7 goblins
  6 kobolds
  3 rats (D:1)
52 creatures vanquished.

Notes
Turn   | Place    | Note
-------+----------+-------------------------------------------
     0 | D:1      | Vno the Demigod Conjurer began the quest for the Orb.
     0 | D:1      | Reached XP level 1. HP: 14/14 MP: 5/5
    72 | D:1      | Upgraded the game from 0.21-a0-426-g98080a9 to 0.21-a0-434-g806c6c2
   122 | D:1      | Reached skill level 4 in Conjurations
   164 | D:1      | Reached XP level 2. HP: 16/20 MP: 1/7
  2088 | D:2      | Reached XP level 3. HP: 19/26 MP: 8/8
  2696 | D:2      | Reached XP level 4. HP: 34/34 MP: 8/10
  2700 | D:2      | Learned a level 2 spell: Searing Ray
  2704 | D:2      | Learned a level 3 spell: Dazzling Spray
  2862 | D:3      | Found a shimmering altar of Xom.
  2883 | D:3      | Noticed Grinder
  2885 | D:3      | HP: 1/34 [worm (7)]
  2886 | D:3      | Slain by a worm

Vault maps used:
D:1:      dpeg_arrival_prison
D:3:      led_xom_imps, uniq_grinder

Skill      XL: |  1  2  3 |
---------------+----------+-----
Conjurations   | 4 |  4.5
Dodging        | 2 |  2.0
Stealth        | 2 |  2.1
Spellcasting   | 2 |  2.2
Fighting       | |  0.4
Short Blades   | |  0.1
Armour         | |  0.8
Unarmed Combat | |  0.1

Action                   |  1- 3 |  4- 6 || total
-------------------------+-------+-------++-------
Melee: Unarmed           |    12 |       ||    12
       Short sword       |    47 |    24 ||    71
       Club              |    11 |       ||    11
 Cast: Magic Dart        |    65 |     9 ||    74
  Use: Potion            |     3 |     1 ||     4
 Stab: Sleeping          |     2 |       ||     2
  Eat: Chunk             |     2 |     1 ||     3
       Bread ration      |     1 |       ||     1
Armor: Robe              |     5 |       ||     5
       Leather armour    |    26 |    10 ||    36
Dodge: Dodged            |    76 |    16 ||    92

Table legend:
 A = Spawn XP
 B = Non-spawn XP
 C = Spawn XP percentage of total XP
 D = Spawn monster count
 E = Non-spawn monster count
 F = Spawn count percentage of total count
 G = Total turns spent on level
                    A         B        C        D         E        F      G
               +---------+---------+-------+---------+---------+-------+---------
         Total |       0 |     126 |   0.0 |       0 |      52 |   0.0 |  2886
               +---------+---------+-------+---------+---------+-------+---------
           D:1 |       0 |      43 |   0.0 |       0 |      22 |   0.0 |  2045
           D:2 |       0 |      77 |   0.0 |       0 |      26 |   0.0 |   726
           D:3 |       0 |       6 |   0.0 |       0 |       4 |   0.0 |   115
               +---------+---------+-------+---------+---------+-------+---------
